 Dungeon Crawl Stone Soup version 0.25-b1-39-g0d900dab71 (webtiles) character file.

Game seed: 5786101860210667256

0 Esekla the Skirmisher (level 1, -1/23 HPs)
             Began as a Gnoll Abyssal Knight on June 7, 2020.
             Was a Follower of Lugonu.
             Slain by a sixfirhy (10 damage)
             ... on level 3 of the Abyss.
             The game lasted 00:01:52 (199 turns).

Esekla the Skirmisher (Gnoll Abyssal Knight)         Turns: 199, Time: 00:01:52

Health: -1/23      AC:  3    Str: 14    XL:     1   Next: 0%
Magic:  3/3        EV: 12    Int: 10    God:    Lugonu [*.....]
Gold:   156        SH:  0    Dex: 14    Spells: 0/0 levels left

rFire    . . .     SeeInvis .   a - +1 falchion
rCold    . . .     Gourm    .   (no shield)
rNeg     . . .     Faith    .   b - +0 leather armour
rPois    .         Spirit   .   (no helmet)
rElec    .         Reflect  .   (no cloak)
rCorr    .         Harm     .   (no gloves)
MR       .....                  (no boots)
Stlth    +.........             (no amulet)
HPRegen  0.07/turn              (no ring)
MPRegen  0.08/turn              (no ring)

@: no status effects
A: distributed training, fangs 1, [dopey 2], [subdued magic 2], strong nose
a: Depart the Abyss, Renounce Religion


You were on level 3 of the Abyss.
You worshipped Lugonu.
Lugonu was aware of your devotion.
You were not hungry.

You visited 0 branches of the dungeon, and saw 0 of its levels.
You visited the Abyss 1 time.

You collected 156 gold pieces.

Inventory:

Hand Weapons
 a - a +1 falchion (weapon)
Armour
 b - a +0 leather armour (worn)
Wands
 d - a wand of acid (12)
Scrolls
 e - a scroll of remove curse {unknown}
Comestibles
 c - 2 rations


   Skills:
 + Level 6.4 Fighting
 + Level 0.0 Short Blades
 + Level 4.4 Long Blades
 + Level 0.0 Axes
 + Level 0.0 Maces & Flails
 + Level 0.0 Polearms
 + Level 0.0 Staves
 + Level 0.0 Slings
 + Level 0.0 Bows
 + Level 0.0 Crossbows
 + Level 0.0 Throwing
 + Level 4.4 Armour
 + Level 2.3 Dodging
 + Level 0.0 Stealth
 + Level 0.0 Shields
 + Level 0.0 Unarmed Combat
 + Level 0.0 Spellcasting
 + Level 0.0 Conjurations
 + Level 0.0 Hexes
 + Level 0.0 Charms
 + Level 0.0 Summonings
 + Level 0.0 Necromancy
 + Level 0.0 Translocations
 + Level 0.0 Transmutations
 + Level 0.0 Fire Magic
 + Level 0.0 Ice Magic
 + Level 0.0 Air Magic
 + Level 0.0 Earth Magic
 + Level 0.0 Poison Magic
 + Level 4.4 Invocations
 + Level 0.0 Evocations


You couldn't memorise any spells.
You didn't know any spells.
Your spell library was empty.

Dungeon Overview and Level Annotations

Branches:
Dungeon (0/15)

Altars:


Innate Abilities, Weirdness & Mutations

Your experience applies equally to all skills.
You have very sharp teeth.
Your uncanny sense of smell can sniff out nearby items.
[You are very dopey. (Int -4)]
[Your spells are easier to cast, but less powerful.]


Message History

Found a gateway leading deeper into the Abyss.
A starspawn tentacle comes into view.
The large abomination hits you!
Ouch! That really hurt!
There is a gateway leading deeper into the Abyss here.
You plunge deeper into the Abyss.
The abyssal rune of Zot can be found at this depth.
Found 25 gold pieces and 20 arrows.
Found a scroll labeled JAHA KYRYXIATUPUS.
Found a chain mail.
You now have 99 gold pieces (gained 25).
e - a scroll labeled JAHA KYRYXIATUPUS
Found a leather armour.
Found 57 gold pieces.
A sixfirhy comes into view.
You see here a leather armour.
You see here 57 gold pieces.
You now have 156 gold pieces (gained 57).
The sixfirhy hits you. The sixfirhy shocks you!
You die...

... ..#...
..#............ . #..
#....# .... .## .#
...#... #.... ..# ..
......# #... #.#
#..........#..
##.#####...... #..#.
#....#.....( #......#
#..@3.[........# ..
..........##..#.#.###.##
....#.....####.###..#.#
...#..#..## #.## ## ## .
#.#.... ### #####.#.
.... ∆ ..# .


You could see a sixfirhy.

Vanquished Creatures (others)
  2 starspawn tentacles (Abyss:2)
2 creatures vanquished.

Notes
Turn   | Place    | Note
-------+----------+-------------------------------------------
     0 | Abyss:1  | Esekla the Gnoll Abyssal Knight began the quest for the
                  | Orb.
     0 | Abyss:1  | Reached XP level 1. HP: 23/23 MP: 3/3
    38 | Abyss:1  | Noticed a wretched star
    75 | Abyss:2  | Noticed a chaos spawn
    79 | Abyss:2  | Noticed a smoke demon
    88 | Abyss:2  | Noticed a large abomination
   102 | Abyss:2  | Noticed a small abomination
   160 | Abyss:2  | Noticed a tentacled starspawn
   166 | Abyss:2  | Noticed a sixfirhy
   195 | Abyss:3  | Noticed a sixfirhy
   199 | Abyss:3  | Slain by a sixfirhy

Illustrated notes

Levels and vault maps discovered:
Abyss:3

Action                   || total
-------------------------++-------
  Use: Scroll            ||     1
Dodge: Dodged            ||     1
